 Dungeon Crawl Stone Soup version 0.28-a0-390-gb254ac4902 (webtiles) character file.

Game seed: 642471583897533458

28 omnomnOMINOUS the Skirmisher (level 3, -7/30 HPs)
             Began as an Octopode Wanderer on Sept 3, 2021.
             Was a Follower of Fedhas.
             Mangled by a gnoll (10 damage)
             ... on level 2 of the Dungeon.
             The game lasted 00:02:45 (1196 turns).

omnomnOMINOUS the Skirmisher (Octopode Wanderer)    Turns: 1196, Time: 00:02:45

Health: -7/30      AC:  1    Str: 11    XL:     3   Next: 14%
Magic:  4/4        EV: 13    Int: 16    God:    Fedhas [*.....]
Gold:   53         SH:  0    Dex: 10    Spells: 4/4 levels left

rFire   . . .      SeeInvis .   a - +2 hand axe
rCold   . . .      Faith    .   (no shield)
rNeg    . . .      Spirit   .   (helmet restricted)
rPois   .          Reflect  .   (no amulet)
rElec   .          Harm     .   g - ring of flight
rCorr   .          Rampage  .   (no ring)
Will    .....                   (no ring)
Stlth   +++.......              (no ring)
HPRegen 0.10/turn               (no ring)
MPRegen 0.09/turn               (no ring)
                                (no ring)
                                (no ring)

@: flying
A: almost no armour, amphibious, 8 rings, camouflage 1, gelatinous body 1,
(nimble swimmer 1), tentacles
a: Renounce Religion


You were on level 2 of the Dungeon.
You worshipped Fedhas.
Fedhas was aware of your devotion.
You visited 1 branch of the dungeon, and saw 2 of its levels.

You collected 53 gold pieces.

Inventory:

Hand Weapons
 a - a +2 hand axe (weapon)
 c - a +0 dagger
 f - a +0 spear
Magical Staves
 d - a staff of cold
Jewellery
 g - a ring of flight (left tentacle)
Scrolls
 j - 2 scrolls of teleportation {unknown}
Potions
 b - 2 potions of lignification
 e - a potion of might {unknown}
 h - a potion of curing {unknown}
 i - a potion of cancellation {unknown}


   Skills:
 - Level 6.0 Fighting
 - Level 1.0 Axes
 + Level 2.1 Dodging
 - Level 4.0 Stealth
 + Level 1.1 Spellcasting


You had 4 spell levels left.
You didn't know any spells.
Your spell library was empty.

Dungeon Overview and Level Annotations

Branches:
Dungeon (2/15)

Altars:
Fedhas

Shops:
D:1 :


Innate Abilities, Weirdness & Mutations

You cannot wear most types of armour.
You are amphibious.
You can wear up to eight rings at the same time.
Your skin changes colour to match your surroundings (Stealth+).
Your rubbery body absorbs attacks. (AC +1, EV +1)
((You are camouflaged near water. (Stealth+)))
You have tentacles for arms and can constrict up to eight enemies at once.


Message History

The ball python completely misses you. The ball python misses you.
You hit the ball python.
You kill the ball python!
Fedhas appreciates your contribution to the ecosystem.
No target in view!
No target in view!
j - a scroll labelled DILOOTH SIOLLO You now have 53 gold pieces (gained 17).
You reach down and open the door.
You reach down and open the door.
Found a stone staircase leading up.
There is a stone staircase leading up here.
j - 2 scrolls labelled DILOOTH SIOLLO (gained 1)
Found 31 bolts.
Found a stone staircase leading down.
You see here 31 bolts.
A gnoll comes into view. It is wielding a +0 club.
A gnoll is nearby!
A gnoll comes into view.
It is wielding a +2 whip of electrocution.
A gnoll comes into view. It is wielding a +0 club.
The gnoll shouts! x2
The gnoll hits you with a +0 club.
You closely miss the gnoll. Your grab misses the gnoll.
The gnoll closely misses you.
You hit the gnoll. You grab the gnoll.
The gnoll is lightly wounded.
You constrict the gnoll. The gnoll barely misses you.
You hit the gnoll.
The gnoll is heavily wounded.
You constrict the gnoll.
The gnoll hits you with a +2 whip of electrocution!
You are electrocuted!
Ouch! That really hurt!
* * * LOW HITPOINT WARNING * * *
You hit the gnoll.
The gnoll is severely wounded.
You constrict the gnoll.
The gnoll hits you with a +2 whip of electrocution!
You die...
Fedhas appreciates your contribution to the ecosystem.

#...# #...#
#...# #...#
################
#####...#
#...............
#...#...#
#.##############
#...#...####.#.#
#.....#
+......ggg@..>.#
#.###.#
#...#...####...#
#.###.###
#...##### #...##
#.##..... #...#
#....# #.##..##.
#...# #....#
#.##..##. #...#
#....# #.##..##.
#...# #....#
#.##..##. #...#
#...(# #.##..##.
#....###.##..##.


You could see 3 gnolls.

Vanquished Creatures
  3 dart slugs (D:1)
  An endoplasm (D:1)
  3 giant cockroaches (D:1)
  4 goblins (D:1)
  2 hobgoblins (D:1)
  2 ball pythons
  A frilled lizard (D:1)
  A kobold (D:1)
  5 rats (D:1)
22 creatures vanquished.

Notes
Turn   | Place    | Note
-------+----------+-------------------------------------------
     0 | D:1      | omnomnOMINOUS the Octopode Wanderer began the quest for the
                  | Orb.
     0 | D:1      | omnomnOMINOUS set off with the following items: a +2 hand
                  | axe, 2 potions of lignification, a +0 dagger
     0 | D:1      | Reached XP level 1. HP: 19/19 MP: 1/1
    71 | D:1      | Found Tikag's Book Shoppe.
    82 | D:1      | Reached skill level 1 in Dodging
   164 | D:1      | Reached XP level 2. HP: 23/25 MP: 2/2
   463 | D:1      | Reached skill level 1 in Spellcasting
   473 | D:1      | Reached XP level 3. HP: 30/30 MP: 4/4
   885 | D:2      | Found a faded altar of an unknown god.
   921 | D:2      | Became a worshipper of Fedhas Madash
   921 | D:2      | Reached * piety under Fedhas
  1196 | D:2      | Mangled by a gnoll

Illustrated notes

Levels and vault maps discovered:
D:1:      amcnicky_arrival_choice, layout_loops_ring, serial_shops,
          nicolae_shop_waterfront, st_stairs_3
D:2:      layout_basic, chequers_ecumenical_altar_island

Skill      XL: |  1  2 |
---------------+-------+-----
Dodging        | 1 2 |  2.1
Spellcasting   | 1 |  1.1
Fighting       | |  6.0
Axes           | |  1.0
Stealth        | |  4.0

Action                   || total
-------------------------++-------
Melee: Hand axe          ||    36
       Constrict         ||    11
       Tentacles         ||     5
 Stab: Sleeping          ||     8
Dodge: Dodged            ||    14

Table legend: (Time is in decaauts)
 A = Elapsed time spent in this place.
 B = Non-inter-level travel time spent in this place.
 C = Inter-level travel time spent in this place.
 D = Time resting spent in this place.
 E = Time spent auto-exploring this place.
 F = Levels seen in this place.
 G = Mean time per level.
                   A        B        C        D        E       F      G
               +--------+--------+--------+--------+--------+-----+--------+
         Total |   1203 |   1168 |     35 |      0 |    983 |   2 |  601.5 |
       Dungeon |   1203 |   1168 |     35 |      0 |    983 |   2 |  601.5 |
               +--------+--------+--------+--------+--------+-----+--------+

Top non-repeatable levels by time:
     D:1: 874 daAuts
     D:2: 329 daAuts
